 Dungeon Crawl Stone Soup version 0.31.0 (webtiles) character file.

Game seed: 1783104105888015355

92607 qw the Marksgargoyle (level 16, -5/107 HPs)
             Began as a Gargoyle Hunter on Jan 19, 2024.
             Was the Champion of Okawaru.
             Killed from afar by an orc wizard (8 damage)
             ... with a magic dart
             ... on level 2 of the Orcish Mines.
             The game lasted 00:04:41 (22632 turns).

qw the Marksgargoyle (Gargoyle Hunter)             Turns: 22632, Time: 00:04:41

Health: -5/107     AC: 28    Str: 18    XL:     16   Next: 6%
Magic:  18/23      EV: 20    Int: 12    God:    Okawaru [******]
Gold:   1961       SH:  0    Dex: 23    Spells: 15/15 levels left

rFire   + + .        y - +1 longbow of Tujaefie {heavy, rN+ Str+3}
rCold   + + .        (shield currently unavailable)
rNeg    + + .        j - +2 robe of the Shoals {-Cast Will+ Dex+4}
rPois   inf          q - +2 hat {Will+}
rElec   +            B - +2 cloak
rCorr   .            l - +2 pair of gloves
SInv    .            k - +2 pair of boots
Will    +++..        w - amulet "Leqom" {Faith -Cast rElec rF+ rC+}
Stlth   ++           Y - ring of protection from cold
HPRegen 0.37/turn    o - ring of protection from fire
MPRegen 0.18/turn

%: no spellcasting, faith
@: finesse-ful, flying
A: sickness immunity, AC +12, big wings, negative energy resistance 1,
electricity resistance, torment resistance 1, petrification resistance
a: Renounce Religion, Heroism, Finesse, Duel


You were on level 2 of the Orcish Mines.
You worshipped Okawaru.
Okawaru was exalted by your worship.
You visited 4 branches of the dungeon, and saw 23 of its levels.
You also visited: Gauntlet.

You collected 2351 gold pieces.
You spent 390 gold pieces at shops.


Innate Abilities, Weirdness & Mutations

You are immune to sickness and miasma.
Your stone body is resilient. (AC +12)
You are immune to poison.
Your large and strong wings let you fly.
You resist negative energy. (rN+)
You are resistant to electric shocks. (rElec)
You are resistant to unholy torment.
You are immune to petrification.


   Skills:
 + Level 14.6 Fighting
 - Level 20.0 Ranged Weapons
 - Level 5.0 Armour
 - Level 10.0 Dodging
 - Level 1.1 Stealth
 - Level 10.0 Invocations


You had 15 spell levels left.
You didn't know any spells.
Your spell library was empty.

Inventory:

Hand Weapons
 y - the +1 longbow of Tujaefie (weapon) {heavy, rN+ Str+3}
   (Okawaru gifted it to you on level 3 of the Lair of Beasts)

   Str+3:     It affects your strength (+3).
   rN+:       It protects you from negative energy.
Armour
 h - a +2 helmet
 j - the +2 robe of the Shoals (worn) {-Cast Will+ Dex+4}
   (You bought it in a shop on level 8 of the Dungeon)

   Dex+4:     It affects your dexterity (+4).
   Will+:     It increases your willpower.
   -Cast:     It prevents spellcasting.
 k - a +2 pair of boots (worn)
 l - a +2 pair of gloves (worn)
 q - a +2 hat of willpower (worn)
 x - a +2 robe of fire resistance
 B - a +2 cloak (worn)
Jewellery
 n - a ring of protection from cold
 o - a ring of protection from fire (right hand)
 p - an amulet of regeneration
 v - a ring of fire
 w - the amulet "Leqom" (around neck) {Faith -Cast rElec rF+ rC+}
   (You found it in a Gauntlet)

   [amulet of faith]

   Faith:     It allows you to gain divine favour quickly.
   rF+:       It protects you from fire.
   rC+:       It protects you from cold.
   rElec:     It insulates you from electricity.
   -Cast:     It prevents spellcasting.
 Y - a ring of protection from cold (left hand)
Wands
 b - a wand of polymorph (40)
 e - a wand of mindburst (11)
 i - a wand of charming (3)
 u - a wand of quicksilver (1)
 z - a wand of iceblast (3)
Scrolls
 f - a scroll of brand weapon
 A - a scroll of enchant weapon
 C - a scroll of identify
Potions
 a - a potion of cancellation
 c - 2 potions of mutation
 d - 9 potions of curing
 g - 3 potions of haste
 m - 2 potions of magic
 r - 4 potions of might
 s - a potion of resistance
 t - 2 potions of enlightenment

Dungeon Overview and Level Annotations

Branches:
Dungeon (15/15)            Temple (1/1) D:6            Lair (5/5) D:11
  Swamp (0/4) Lair:3       Spider (0/4) Lair:2        Slime (0/5) Lair:5
    Orc (2/2) D:12            Elf (0/3) Orc:2        Vaults (0/5) D:14
 Depths (0/4) D:15        Gauntlet (visited)

Altars:
Ashenzari
Cheibriados
Dithmenos
Elyvilon
Fedhas
Gozag
Hepliaklqana
Kikubaaqudgha
Makhleb
Nemelex Xobeh
Okawaru
Qazlal
Ru
Sif Muna
Trog
Uskayaw
Vehumet
Wu Jian
Xom
Yredelemnul
Zin
The Shining One
Lugonu

Shops:
D:8 [   D:9 !   Orc:2 [

Portals:
Abyss: Lair:5

Annotations:
D:7 exclusions: orc and orc priest
D:10 exclusion: 2 electric eels
D:13 1 runed translucent door
Lair:3 2 transporters, Loywebes's ghost, journeyman MiFi


Message History

Something hits you but does no damage. x2
The orc high priest hits you but does no damage.
The orc high priest mumbles some strange prayers to Beogh.
The orc high priest mumbles some strange prayers to Beogh against you.
Beogh smites you! The soul eater hits you!
You shoot an arrow. The arrow hits the orc high priest!!
The orc high priest is heavily wounded.
You shoot an arrow. The arrow hits the orc high priest.
The orc high priest is heavily wounded.
Something hits you but does no damage. x2
An orc warrior comes into view. It is wielding a +0 trident.
The orc priest mumbles some strange prayers to Beogh against you.
Beogh smites you! The orc high priest barely misses you.
The orc high priest completely misses you.
The soul eater hits you!
You shoot an arrow.
The arrow barely misses the orc high priest.
You shoot an arrow. The arrow hits the orc high priest.
The orc high priest is severely wounded.
The soul eater hits you!
An orc priest comes into view. It is wielding a +0 whip.
You hear some strange, mumbled words.
A magic dart appears from out of thin air!
The magic dart hits you but does no damage.
The orc high priest closely misses you. Something hits you but does no damage.
You shoot an arrow. The arrow hits the orc high priest!!!
You kill the orc high priest!
Okawaru accepts your kill.
The ynoxinul disappears in a puff of smoke!
The orange demon disappears in a puff of smoke!
Your life force feels restored.
You shoot an arrow. The arrow hits the orc high priest!!!
The orc high priest is severely wounded.
You hear a shout! x4
Something hits you but does no damage. x2
The orc high priest starts to sing a prayer.
The orc high priest misses you. The orc high priest barely misses you.
A magic dart appears from out of thin air!
The magic dart hits you!
You die...

....).)..........................
..)......).........##############
....)....)........##
#................##
.................#
................)# ........#
......3.# ......{@# ......o{)¤{#
......¤ooo.# ......¤.¤..#
........#4.# ........#..o
........#).)o ........#...).


You could see a soul eater (summoned), 2 orc high priests, a rust devil
(summoned), an orc warrior, 2 orc priests and an orc wizard.

Vanquished Creatures
  Kirke (Lair:3)
  An orc warlord (Orc:2)
  Azrael (D:14)
  A minotaur (Gauntlet)
  2 rakshasas (D:15)
  4 hydras
  Erolcha (D:13)
  4 centaur warriors
  7 boulder beetles
  2 catoblepae
  3 two-headed ogres
  A death scarab (Gauntlet)
  6 death yaks (Lair:5)
  An orc high priest (Orc:2)
  5 thrashing horrors
  2 tengu warriors
  Urug (Lair:3)
  Nergalle (Lair:3)
  A skeletal warrior (D:14)
  A mana viper (shapeshifter) (D:15)
  A glowing orange brain (D:15)
  Pikel (D:5)
  2 orc knights
  3 deep elf pyromancers
  9 ugly things
  3 orc sorcerers (Orc:2)
  A manticore (D:12)
  6 cyclopes
  2 meliai (shapeshifter) (Lair:5)
  7 elephants
  10 slime creatures
  6 black mambas
  2 smoke demons (Lair:5)
  A torpor snail (Lair:2)
  10 cane toads
  4 centaur skeletons (D:14)
  5 gargoyles
  An unseen horror (D:13)
  2 kobold demonologists
  8 rime drakes
  11 komodo dragons
  3 yaktaurs
  2 tengu conjurers
  2 polar bears (Lair:5)
  7 trolls
  A raiju (Lair:5)
  A spectral lindwurm (Gauntlet)
  2 hornets
  13 blink frogs
  11 dream sheep (Lair:5)
  Sigmund (D:4)
  A centaur simulacrum (D:15)
  2 spriggans (Lair:5)
  A vampire (D:11)
  A ynoxinul (Lair:5)
  2 wraiths
  12 wyverns
  10 small abominations
  3 humans (Lair:3)
  54 yaks
  3 fire elementals (D:14)
  A warg (Orc:1)
  13 basilisks
  A steam dragon (D:7)
  2 chaos spawn (Lair:5)
  4 swamp worms
  A two-headed ogre zombie (D:12)
  14 water moccasins
  2 acid dragons (D:9)
  2 hell hounds (D:14)
  15 orc warriors
  An ice beast (D:7)
  3 sky beasts
  4 laughing skulls (D:15)
  An ice beast (shapeshifter) (Lair:5)
  3 black bears
  21 wolves
  4 ogres
  A phantom (D:12)
  21 centaurs
  9 kobold brigands
  2 lemures (D:5)
  9 bullfrogs
  A gnoll sergeant (D:11)
  A scorpion (D:5)
  5 wights (D:8)
  16 killer bees
  4 bombardier beetles
  9 electric eels (D:10)
  A crimson imp (D:7)
  2 jellies (D:7)
  23 orc priests
  3 hounds
  3 iguanas
  A sleepcap (D:6)
  Natasha (thrice) (D:4)
  22 orc wizards
  7 ogre zombies (D:12)
  Robin (D:3)
  4 gnolls (D:11)
  9 adders
  A white imp (D:6)
  2 ufetubi (D:4)
  3 ribbon worms (D:2)
  A dart slug (D:4)
  48 orcs
  9 ball pythons
  9 endoplasms
  6 giant cockroaches
  2 gnoll zombies (D:12)
  6 hobgoblins
  3 jackals (D:2)
  3 quokkas
  A bat (D:1)
  4 frilled lizards
  3 gnoll skeletons (D:12)
  14 goblins
  18 kobolds
  6 orc skeletons (D:12)
  14 orc zombies (D:12)
  4 rats
679 creatures vanquished.

Vanquished Creatures (others)
  An orc (D:5)
  2 kobolds (D:10)
3 creatures vanquished.

Grand Total: 682 creatures vanquished

Notes
Turn   | Place    | Note
-------+----------+-------------------------------------------
     0 | D:1      | qw the Gargoyle Hunter began the quest for the Orb.
     0 | D:1      | Reached XP level 1. HP: 12/12 MP: 1/1
     0 | D:1      | 0 ||| qw: Version: 0.3-a-132-g3d54051
     0 | D:1      | 0 ||| qw: Game counter: 175
     0 | D:1      | 0 ||| qw: Melee chars always use a shield: true
     0 | D:1      | 0 ||| qw: God list: Okawaru
     0 | D:1      | 0 ||| qw: Allow faded altars: false
     0 | D:1      | 0 ||| qw: Do Orc after clearing Dungeon:15 true
     0 | D:1      | 0 ||| qw: Do second Lair branch before Depths: true
     0 | D:1      | 0 ||| qw: Lair rune preference: random
     0 | D:1      | 0 ||| qw: Goals: Normal
     0 | D:1      | 0 ||| PLANNING D:1-11
   409 | D:1      | Reached XP level 2. HP: 17/17 MP: 2/2
   891 | D:1      | 891 ||| UPGRADING to +0 ring mail.
   901 | D:1      | 901 ||| DROPPING +0 leather armour.
   902 | D:1      | 902 ||| UPGRADING to +0 pair of boots.
   907 | D:1      | 907 ||| DROPPING scarf of shadows.
   908 | D:1      | 908 ||| READING scroll labelled GEOZUONUPP.
   909 | D:1      | 909 ||| READING scroll labelled BUMIOSODOO.
   910 | D:1      | 910 ||| READING scroll labelled LEDIOP GUWKIS.
   910 | D:1      | 910 ||| IDENTIFYING glowing ruby potion
   911 | D:1      | 911 ||| READING scroll labelled MELIRU XOXTAI.
   912 | D:1      | 912 ||| READING scroll labelled EMITERIUSI.
   913 | D:1      | 913 ||| READING scroll labelled BEHINL EMUOST.
   916 | D:1      | 916 ||| DRINKING 2 fuming white potions.
   917 | D:1      | 917 ||| DROPPING scroll of butterflies.
   918 | D:1      | 918 ||| DROPPING potion of magic.
  1145 | D:2      | Reached skill level 1 in Armour
  1306 | D:2      | Reached XP level 3. HP: 21/21 MP: 3/3
  1418 | D:2      | 1418 ||| FLEEEEING.
  1422 | D:2      | 1422 ||| STAIRDANCE
  1447 | D:1      | 1447 ||| UPGRADING to ring of protection from cold.
  1448 | D:1      | 1448 ||| DROPPING +6 ring of intelligence.
  1449 | D:1      | 1449 ||| READING 2 scrolls of identify.
  1449 | D:1      | 1449 ||| IDENTIFYING lumpy black potion
  1450 | D:1      | 1450 ||| READING scroll of identify.
  1450 | D:1      | 1450 ||| IDENTIFYING cyan potion
  1451 | D:1      | 1451 ||| DROPPING potion of berserk rage.
  1538 | D:2      | Found a glowing silver altar of Zin.
  1691 | D:2      | Reached skill level 5 in Ranged Weapons
  2080 | D:3      | Reached XP level 4. HP: 27/27 MP: 4/4
  2080 | D:3      | Noticed Robin
  2081 | D:3      | Reached skill level 3 in Fighting
  2090 | D:3      | Killed Robin
  2602 | D:3      | 2602 ||| UPGRADING to +0 helmet.
  2607 | D:3      | 2607 ||| UPGRADING to +0 pair of gloves.
  2612 | D:3      | 2612 ||| UPGRADING to ring of protection from cold.
  2613 | D:3      | 2613 ||| READING 3 scrolls labelled INIEGO URHYCO.
  2613 | D:3      | 2613 ||| ENCHANTING +0 pair of gloves.
  2614 | D:3      | 2614 ||| READING 2 scrolls of enchant armour.
  2614 | D:3      | 2614 ||| ENCHANTING +1 pair of gloves.
  2615 | D:3      | 2615 ||| READING scroll of enchant armour.
  2615 | D:3      | 2615 ||| ENCHANTING +0 helmet.
  2616 | D:3      | 2616 ||| READING 2 scrolls labelled XIMAGEOKUZ.
  2616 | D:3      | 2616 ||| ENCHANTING +0 shortbow.
  2617 | D:3      | 2617 ||| READING scroll of enchant weapon.
  2617 | D:3      | 2617 ||| ENCHANTING +1 shortbow.
  2696 | D:4      | Reached XP level 5. HP: 32/32 MP: 5/5
  2833 | D:4      | Reached skill level 6 in Ranged Weapons
  2938 | D:4      | Noticed Natasha
  2946 | D:4      | Killed Natasha
  2947 | D:4      | 2947 ||| FLEEEEING.
  2997 | D:4      | Noticed Natasha
  3001 | D:4      | Killed Natasha
  3002 | D:4      | Reached XP level 6. HP: 38/38 MP: 6/6
  3002 | D:4      | 3002 ||| FLEEEEING.
  3269 | D:4      | Noticed Natasha
  3275 | D:4      | 3275 ||| ZAPPING wand of flame (5) at -1,0 (Natasha;
                  | floor).
  3276 | D:4      | Killed Natasha
  3277 | D:4      | 3277 ||| FLEEEEING.
  3402 | D:4      | Identified the +1 long sword of Astrexty {heavy, rPois
                  | Int+2}
  3603 | D:4      | Found an ancient bone altar of Kikubaaqudgha.
  3603 | D:4      | Found an ornate altar of the Wu Jian Council.
  3749 | D:4      | 3749 ||| UPGRADING to amulet of regeneration.
  3754 | D:4      | 3754 ||| UPGRADING to ring of protection from fire.
  3756 | D:4      | 3756 ||| READING scroll of identify.
  3756 | D:4      | 3756 ||| IDENTIFYING purple potion
  3757 | D:4      | 3757 ||| DRINKING 2 glowing coppery potions.
  3805 | D:5      | Entered Level 5 of the Dungeon
  3806 | D:5      | 3806 ||| STAIRDANCE
  3816 | D:5      | Noticed Sigmund
  3817 | D:5      | 3817 ||| STAIRDANCE
  3827 | D:5      | 3827 ||| STAIRDANCE
  3831 | D:5      | 3831 ||| ZAPPING wand of flame (22) at 2,-1 (Sigmund;
                  | floor).
  3832 | D:5      | 3832 ||| ZAPPING wand of flame (21) at 2,-1 (Sigmund;
                  | floor).
  3833 | D:5      | 3833 ||| ZAPPING wand of flame (20) at 2,-1 (Sigmund;
                  | floor).
  3834 | D:5      | 3834 ||| STAIRDANCE
  3850 | D:5      | 3850 ||| STAIRDANCE
  3852 | D:4      | 3852 ||| FLEEEEING.
  3898 | D:5      | 3898 ||| STAIRDANCE
  3900 | D:4      | 3900 ||| FLEEEEING.
  3944 | D:5      | 3944 ||| STAIRDANCE
  3952 | D:5      | 3952 ||| Stepping randomly (disturbance).
  3953 | D:5      | 3953 ||| FLEEEEING.
  3955 | D:5      | 3955 ||| STAIRDANCE
  3958 | D:4      | 3958 ||| Stepping randomly (disturbance).
  3964 | D:4      | 3964 ||| FLEEEEING.
  3975 | D:4      | 3975 ||| FLEEEEING.
  3977 | D:4      | 3977 ||| DRINKING potion of cancellation.
  3981 | D:4      | Killed Sigmund
  3982 | D:4      | Reached skill level 7 in Ranged Weapons
  3982 | D:4      | Reached XP level 7. HP: 20/43 MP: 7/7
  4079 | D:5      | 4079 ||| FLEEEEING.
  4090 | D:5      | Noticed Pikel
  4094 | D:5      | 4094 ||| RETREEEEATING.
  4095 | D:5      | 4095 ||| RETREEEEATING.
  4096 | D:5      | 4096 ||| RETREEEEATING.
  4097 | D:5      | 4097 ||| RETREEEEATING.
  4101 | D:5      | 4101 ||| RETREEEEATING.
  4102 | D:5      | 4102 ||| RETREEEEATING.
  4103 | D:5      | 4103 ||| RETREEEEATING.
  4104 | D:5      | 4104 ||| RETREEEEATING.
  4105 | D:5      | 4105 ||| RETREEEEATING.
  4106 | D:5      | 4106 ||| RETREEEEATING.
  4128 | D:5      | Killed Pikel
  4129 | D:5      | Reached skill level 9 in Ranged Weapons
  4129 | D:5      | Reached XP level 8. HP: 30/48 MP: 8/8
  4169 | D:5      | 4169 ||| FLEEEEING.
  4178 | D:5      | 4178 ||| STAIRDANCE
  4188 | D:4      | 4188 ||| UPGRADING to +2 robe of cold resistance.
  4198 | D:4      | 4198 ||| DROPPING +0 ring mail.
  4199 | D:4      | 4199 ||| READING scroll of identify.
  4199 | D:4      | 4199 ||| IDENTIFYING black potion
  4214 | D:5      | 4214 ||| STAIRDANCE
  4230 | D:5      | 4230 ||| STAIRDANCE
  4237 | D:5      | 4237 ||| STAIRDANCE
  4248 | D:5      | 4248 ||| STAIRDANCE
  4260 | D:5      | 4260 ||| STAIRDANCE
  4271 | D:5      | 4271 ||| STAIRDANCE
  4278 | D:5      | 4278 ||| STAIRDANCE
  4287 | D:5      | Noticed a wyvern
  4291 | D:5      | 4291 ||| STAIRDANCE
  4297 | D:4      | Killed a wyvern
  4315 | D:5      | 4315 ||| STAIRDANCE
  4331 | D:5      | 4331 ||| STAIRDANCE
  4346 | D:5      | Reached skill level 6 in Fighting
  4437 | D:5      | 4437 ||| FLEEEEING.
  4575 | D:5      | 4575 ||| READING scroll of identify.
  4575 | D:5      | 4575 ||| IDENTIFYING green potion
  4576 | D:5      | 4576 ||| READING scroll labelled KADUN IVOLUC.
  4577 | D:5      | 4577 ||| DROPPING potion of degeneration.
  4651 | D:6      | Reached skill level 10 in Ranged Weapons
  4764 | D:6      | Reached XP level 9. HP: 55/55 MP: 9/9
  4789 | D:6      | Reached skill level 3 in Dodging
  4908 | D:6      | Found a staircase to the Ecumenical Temple.
  4909 | D:6      | 4909 ||| PLANNING TEMPLE
  4930 | D:6      | 4930 ||| FLEEEEING.
  4945 | D:6      | 4945 ||| DROPPING wand of flame (19).
  4960 | Temple   | Entered the Ecumenical Temple
  4961 | Temple   | 4961 ||| PLANNING OKAWARU WORSHIP
  4974 | Temple   | Became a worshipper of Warmaster Okawaru
  4975 | Temple   | 4975 ||| PLANNING D:1-11
  5112 | D:6      | 5112 ||| READING scroll of enchant armour.
  5112 | D:6      | 5112 ||| ENCHANTING +1 helmet.
  5321 | D:6      | 5321 ||| FLEEEEING.
  5437 | D:6      | 5437 ||| SWAPPING to +0 orcbow.
  5438 | D:6      | 5438 ||| DROPPING +2 shortbow.
  5439 | D:6      | 5439 ||| READING scroll of identify.
  5439 | D:6      | 5439 ||| IDENTIFYING fizzy coppery potion
  5608 | D:7      | Found a flagged portal.
  5699 | D:7      | Found a radiant altar of Vehumet.
  5799 | D:7      | Reached skill level 11 in Ranged Weapons
  5807 | D:7      | Reached * piety under Okawaru
  5841 | D:7      | Reached skill level 1 in Invocations
  5877 | D:7      | 5877 ||| FLEEEEING.
  5955 | D:7      | 5955 ||| FLEEEEING.
  5960 | D:7      | 5960 ||| STAIRDANCE
  6065 | D:6      | 6065 ||| UPGRADING to +0 steam dragon scales.
  6136 | D:7      | Found a burning altar of Makhleb.
  6382 | D:7      | 6382 ||| READING scroll of enchant armour.
  6382 | D:7      | 6382 ||| ENCHANTING +0 steam dragon scales.
  6524 | D:7      | 6524 ||| DROPPING +2 robe of cold resistance.
  6525 | D:7      | 6525 ||| DRINKING 2 emerald potions.
  6622 | D:8      | Reached skill level 3 in Armour
  6622 | D:8      | Reached skill level 3 in Invocations
  6622 | D:8      | 6622 ||| FLEEEEING.
  6645 | D:8      | 6645 ||| INVOKING Heroism.
  6648 | D:8      | Reached XP level 10. HP: 60/64 MP: 9/12
  6667 | D:8      | 6667 ||| FLEEEEING.
  6694 | D:8      | Noticed a manticore
  6694 | D:8      | Noticed a deep elf pyromancer
  6695 | D:8      | Noticed a brown ugly thing
  6697 | D:8      | Noticed a deep elf pyromancer
  6822 | D:8      | Noticed a deep elf pyromancer
  6955 | D:8      | Found Fihizel's Armour Emporium.
  6963 | D:8      | 6963 ||| BUYING +2 robe of the Shoals {-Cast Will+ Dex+4}
                  | (247 gold).
  6963 | D:8      | Bought the +2 robe of the Shoals {-Cast Will+ Dex+4} for
                  | 247 gold pieces
  6963 | D:8      | 6963 ||| SHOPLISTING +3 ring mail of fire resistance (260
                  | gold, have 134).
  7155 | D:8      | 7155 ||| RETREEEEATING.
  7156 | D:8      | 7156 ||| RETREEEEATING.
  7157 | D:8      | 7157 ||| RETREEEEATING.
  7158 | D:8      | 7158 ||| RETREEEEATING.
  7159 | D:8      | 7159 ||| RETREEEEATING.
  7160 | D:8      | 7160 ||| RETREEEEATING.
  7161 | D:8      | 7161 ||| RETREEEEATING.
  7162 | D:8      | 7162 ||| RETREEEEATING.
  7163 | D:8      | 7163 ||| RETREEEEATING.
  7164 | D:8      | 7164 ||| RETREEEEATING.
  7165 | D:8      | 7165 ||| RETREEEEATING.
  7166 | D:8      | 7166 ||| RETREEEEATING.
  7167 | D:8      | 7167 ||| RETREEEEATING.
  7168 | D:8      | 7168 ||| RETREEEEATING.
  7169 | D:8      | 7169 ||| RETREEEEATING.
  7170 | D:8      | 7170 ||| RETREEEEATING.
  7171 | D:8      | 7171 ||| RETREEEEATING.
  7172 | D:8      | 7172 ||| RETREEEEATING.
  7173 | D:8      | 7173 ||| RETREEEEATING.
  7174 | D:8      | 7174 ||| RETREEEEATING.
  7175 | D:8      | 7175 ||| RETREEEEATING.
  7176 | D:8      | 7176 ||| RETREEEEATING.
  7177 | D:8      | 7177 ||| RETREEEEATING.
  7178 | D:8      | 7178 ||| RETREEEEATING.
  7179 | D:8      | 7179 ||| RETREEEEATING.
  7183 | D:8      | 7183 ||| RETREEEEATING.
  7184 | D:8      | 7184 ||| RETREEEEATING.
  7196 | D:8      | Reached ** piety under Okawaru
  7208 | D:8      | Reached skill level 12 in Ranged Weapons
  7516 | D:8      | 7516 ||| UPGRADING to +2 robe of the Shoals {-Cast Will+
                  | Dex+4}.
  7526 | D:8      | 7526 ||| DROPPING +1 steam dragon scales.
  7527 | D:8      | 7527 ||| READING scroll of identify.
  7527 | D:8      | 7527 ||| IDENTIFYING metallic inky potion
  7528 | D:8      | 7528 ||| READING scroll labelled OKOLE ONAI.
  7529 | D:8      | 7529 ||| FLEEEEING.
  7639 | D:8      | 7639 ||| DROPPING potion of invisibility.
  7698 | D:9      | Found a snail-covered altar of Cheibriados.
  7699 | D:9      | 7699 ||| STAIRDANCE
  7716 | D:9      | HP: 16/64 [killer bee (3)]
  7717 | D:9      | 7717 ||| READING 2 scrolls of teleportation.
  7718 | D:9      | 7718 ||| DRINKING 2 potions of heal wounds.
  7752 | D:9      | 7752 ||| RETREEEEATING.
  7753 | D:9      | 7753 ||| RETREEEEATING.
  7762 | D:9      | 7762 ||| RETREEEEATING.
  7763 | D:9      | 7763 ||| RETREEEEATING.
  7764 | D:9      | 7764 ||| RETREEEEATING.
  7765 | D:9      | 7765 ||| RETREEEEATING.
  7785 | D:9      | 7785 ||| INVOKING Heroism.
  7806 | D:9      | Reached *** piety under Okawaru
  7869 | D:9      | Reached skill level 13 in Ranged Weapons
  7938 | D:9      | 7938 ||| INVOKING Heroism.
  8118 | D:9      | Found Cimiach's Distillery.
  8133 | D:9      | 8133 ||| BUYING 2 potions of heal wounds (110 gold).
  8133 | D:9      | Bought 2 potions of heal wounds for 110 gold pieces
  8133 | D:9      | 8133 ||| BUYING potion of curing (33 gold).
  8133 | D:9      | Bought a potion of curing for 33 gold pieces
  8133 | D:9      | 8133 ||| SHOPLISTING potion of curing (33 gold, have 15).
  8133 | D:9      | 8133 ||| SHOPLISTING potion of enlightenment (55 gold, have
                  | 15).
  8133 | D:9      | 8133 ||| SHOPLISTING potion of heal wounds (55 gold, have
                  | 15).
  8133 | D:9      | 8133 ||| SHOPLISTING potion of resistance (110 gold, have
                  | 15).
  8283 | D:9      | 8283 ||| READING scroll of identify.
  8283 | D:9      | 8283 ||| IDENTIFYING blue potion
  8284 | D:9      | 8284 ||| DROPPING potion of brilliance.
  8294 | D:9      | Reached XP level 11. HP: 69/69 MP: 14/14
  8302 | D:9      | 8302 ||| READING scroll of enchant weapon.
  8302 | D:9      | 8302 ||| ENCHANTING +0 orcbow.
  8306 | D:9      | 8306 ||| READING 2 scrolls of enchant weapon.
  8306 | D:9      | 8306 ||| ENCHANTING +1 orcbow.
  8307 | D:9      | 8307 ||| READING scroll of enchant weapon.
  8307 | D:9      | 8307 ||| ENCHANTING +2 orcbow.
  8348 | D:9      | Found a broken altar of Ashenzari.
  8448 | D:9      | Reached skill level 9 in Fighting
  8492 | D:9      | 8492 ||| READING scroll labelled LEKLAO XISH.
  8514 | D:10     | Entered Level 10 of the Dungeon
  8531 | D:10     | 8531 ||| RETREEEEATING.
  8532 | D:10     | 8532 ||| RETREEEEATING.
  8533 | D:10     | 8533 ||| RETREEEEATING.
  8543 | D:10     | Reached **** piety under Okawaru
  8544 | D:10     | 8544 ||| FLEEEEING.
  8545 | D:10     | 8545 ||| FLEEEEING.
  8546 | D:10     | 8546 ||| FLEEEEING.
  8547 | D:10     | 8547 ||| FLEEEEING.
  8735 | D:10     | 8735 ||| RETREEEEATING.
  8736 | D:10     | 8736 ||| RETREEEEATING.
  8739 | D:10     | 8739 ||| RETREEEEATING.
  8742 | D:10     | 8742 ||| RETREEEEATING.
  8743 | D:10     | 8743 ||| RETREEEEATING.
  8744 | D:10     | 8744 ||| RETREEEEATING.
  8764 | D:10     | 8764 ||| FLEEEEING.
  9286 | D:10     | 9286 ||| READING scroll of identify.
  9286 | D:10     | 9286 ||| IDENTIFYING yellow potion
  9287 | D:10     | 9287 ||| DROPPING potion of lignification.
  9306 | D:11     | 9306 ||| RETREEEEATING.
  9309 | D:11     | 9309 ||| RETREEEEATING.
  9316 | D:11     | 9316 ||| RETREEEEATING.
  9317 | D:11     | 9317 ||| RETREEEEATING.
  9318 | D:11     | 9318 ||| RETREEEEATING.
  9319 | D:11     | 9319 ||| RETREEEEATING.
  9320 | D:11     | 9320 ||| RETREEEEATING.
  9321 | D:11     | 9321 ||| STAIRDANCE
  9333 | D:11     | 9333 ||| STAIRDANCE
  9341 | D:10     | Reached skill level 6 in Invocations
  9458 | D:11     | Found a staircase to the Lair.
  9507 | D:11     | Noticed a two-headed ogre
  9508 | D:11     | 9508 ||| INVOKING Finesse.
  9513 | D:11     | Killed a two-headed ogre
  9719 | D:11     | Noticed a two-headed ogre
  9720 | D:11     | 9720 ||| INVOKING Finesse.
  9729 | D:11     | Killed a two-headed ogre
  9897 | D:11     | 9897 ||| RETREEEEATING.
  9898 | D:11     | 9898 ||| RETREEEEATING.
  9899 | D:11     | 9899 ||| RETREEEEATING.
  9902 | D:11     | 9902 ||| RETREEEEATING.
  9906 | D:11     | 9906 ||| RETREEEEATING.
  9908 | D:11     | 9908 ||| RETREEEEATING.
  9909 | D:11     | 9909 ||| RETREEEEATING.
  9910 | D:11     | 9910 ||| RETREEEEATING.
  9911 | D:11     | 9911 ||| RETREEEEATING.
  9912 | D:11     | 9912 ||| RETREEEEATING.
  9913 | D:11     | 9913 ||| RETREEEEATING.
  9914 | D:11     | 9914 ||| RETREEEEATING.
  9918 | D:11     | 9918 ||| RETREEEEATING.
  9919 | D:11     | 9919 ||| FLEEEEING.
  9921 | D:11     | 9921 ||| RETREEEEATING.
  9922 | D:11     | 9922 ||| RETREEEEATING.
  9923 | D:11     | 9923 ||| RETREEEEATING.
  9924 | D:11     | 9924 ||| RETREEEEATING.
  9925 | D:11     | 9925 ||| RETREEEEATING.
  9927 | D:11     | 9927 ||| RETREEEEATING.
  9928 | D:11     | 9928 ||| RETREEEEATING.
  9929 | D:11     | 9929 ||| RETREEEEATING.
  9930 | D:11     | 9930 ||| RETREEEEATING.
  9932 | D:11     | 9932 ||| RETREEEEATING.
  9933 | D:11     | 9933 ||| RETREEEEATING.
  9934 | D:11     | 9934 ||| RETREEEEATING.
  9935 | D:11     | 9935 ||| RETREEEEATING.
  9936 | D:11     | 9936 ||| RETREEEEATING.
  9937 | D:11     | 9937 ||| INVOKING Finesse.
 10103 | D:11     | Reached skill level 14 in Ranged Weapons
 10481 | D:11     | 10481 ||| PLANNING LAIR
 10481 | D:11     | 10481 ||| READING scroll of identify.
 10481 | D:11     | 10481 ||| IDENTIFYING viscous blue potion
 10482 | D:11     | 10482 ||| DROPPING potion of attraction.
 10514 | Lair:1   | Entered Level 1 of the Lair of Beasts
 10515 | Lair:1   | 10515 ||| PLANNING GAUNTLET
 10530 | Lair:1   | 10530 ||| RETREEEEATING.
 10531 | Lair:1   | 10531 ||| RETREEEEATING.
 10532 | Lair:1   | 10532 ||| RETREEEEATING.
 10545 | Lair:1   | 10545 ||| FLEEEEING.
 10564 | Lair:1   | Found a gate leading to a gauntlet.
 10571 | Gauntlet | Entered a Gauntlet
 10571 | Gauntlet | Found a transporter.
 10571 | Gauntlet | Found a transporter.
 10571 | Gauntlet | Found a large runed translucent door.
 10571 | Gauntlet | Found a large runed translucent door.
 10571 | Gauntlet | Found a large runed translucent door.
 10571 | Gauntlet | Found a large runed translucent door.
 10571 | Gauntlet | Found a large runed translucent door.
 10571 | Gauntlet | Found a large runed translucent door.
 10571 | Gauntlet | Found a runed translucent door.
 10571 | Gauntlet | Found a runed translucent door.
 10571 | Gauntlet | Found a large runed translucent door.
 10571 | Gauntlet | Found a large runed translucent door.
 10571 | Gauntlet | Found a large runed translucent door.
 10571 | Gauntlet | Found a large runed translucent door.
 10571 | Gauntlet | Found a large runed translucent door.
 10571 | Gauntlet | Found a large runed translucent door.
 10575 | Gauntlet | Found a transporter.
 10575 | Gauntlet | Found a transporter.
 10585 | Gauntlet | Found a transporter.
 10585 | Gauntlet | Noticed a death scarab
 10586 | Gauntlet | Noticed a spectral death yak
 10593 | Gauntlet | Noticed a thrashing horror
 10594 | Gauntlet | Found a transporter.
 10596 | Gauntlet | Found a transporter.
 10596 | Gauntlet | Found a transporter.
 10596 | Gauntlet | Noticed a moth of wrath
 10600 | Gauntlet | Found a transporter.
 10638 | Gauntlet | Found a transporter.
 10655 | Gauntlet | Found a large runed translucent door.
 10656 | Gauntlet | Found a large runed translucent door.
 10658 | Gauntlet | Found a runed translucent gate.
 10659 | Gauntlet | Found a runed translucent gate.
 10660 | Gauntlet | Found a runed translucent gate.
 10660 | Gauntlet | Found a transporter.
 10661 | Gauntlet | Noticed a necromancer
 10674 | Gauntlet | Found a transporter.
 10715 | Gauntlet | Found a transporter.
 10717 | Gauntlet | Noticed a death scarab
 10729 | Gauntlet | Found a transporter.
 10812 | Gauntlet | Found a large runed translucent door.
 10812 | Gauntlet | Found a large runed translucent door.
 10830 | Gauntlet | Found a transporter.
 10842 | Gauntlet | Noticed a tengu warrior
 10844 | Gauntlet | Found a transporter.
 10996 | Gauntlet | 10996 ||| Stepping randomly (stuck).
 10997 | Gauntlet | 10997 ||| INVOKING Finesse.
 11000 | Gauntlet | Killed a death scarab
 11001 | Gauntlet | Reached XP level 12. HP: 72/77 MP: 12/18
 11069 | Gauntlet | 11069 ||| RETREEEEATING.
 11070 | Gauntlet | 11070 ||| RETREEEEATING.
 11071 | Gauntlet | 11071 ||| ZAPPING wand of quicksilver (4) at -3,1
                  | (thrashing horror; floor).
 11072 | Gauntlet | 11072 ||| ZAPPING wand of quicksilver (3) at -2,1
                  | (thrashing horror; floor).
 11073 | Gauntlet | 11073 ||| ZAPPING wand of quicksilver (2) at -2,1
                  | (thrashing horror; floor).
 11074 | Gauntlet | 11074 ||| INVOKING Finesse.
 11079 | Gauntlet | Killed a thrashing horror
 11114 | Gauntlet | Identified the +0 robe of the Boiling Point {rF- Str+5}
 11117 | Gauntlet | Identified the amulet "Leqom" {Faith -Cast rElec rF+ rC+}
 11119 | Gauntlet | 11119 ||| DROPPING +0 robe of the Boiling Point {rF-
                  | Str+5}.
 11120 | Gauntlet | 11120 ||| UPGRADING to amulet "Leqom" {Faith -Cast rElec
                  | rF+ rC+}.
 11161 | Gauntlet | Identified the +3 crystal plate armour "Forget-Me-Not"
                  | {Rampage ^Drain rElec Str+6}
 11161 | Gauntlet | Noticed a minotaur
 11162 | Gauntlet | 11162 ||| INVOKING Finesse.
 11178 | Gauntlet | Killed a minotaur
 11179 | Gauntlet | Reached skill level 9 in Invocations
 11272 | Gauntlet | 11272 ||| READING scroll of enchant armour.
 11272 | Gauntlet | 11272 ||| ENCHANTING +0 pair of boots.
 11277 | Gauntlet | Identified the +4 short sword of the Hurtling Queen {flame,
                  | Int+3}
 11279 | Gauntlet | 11279 ||| DROPPING +2 steam dragon scales.
 11283 | Lair:1   | 11283 ||| PLANNING LAIR
 11308 | Lair:1   | 11308 ||| FLEEEEING.
 11477 | Lair:1   | You fall into a shaft and drop 1 floor!
 11477 | Lair:2   | Noticed a catoblepas
 11478 | Lair:2   | 11478 ||| RETREEEEATING.
 11479 | Lair:2   | 11479 ||| RETREEEEATING.
 11480 | Lair:2   | 11480 ||| INVOKING Finesse.
 11487 | Lair:2   | Killed a catoblepas
 11500 | Lair:2   | Reached ***** piety under Okawaru
 11725 | Lair:2   | 11725 ||| DROPPING amulet of guardian spirit.
 11741 | Lair:2   | 11741 ||| FLEEEEING.
 11747 | Lair:2   | Reached skill level 15 in Ranged Weapons
 11748 | Lair:2   | 11748 ||| STAIRDANCE
 11793 | Lair:1   | 11793 ||| READING scroll of enchant weapon.
 11793 | Lair:1   | 11793 ||| ENCHANTING +3 orcbow.
 11851 | Lair:1   | 11851 ||| RETREEEEATING.
 11852 | Lair:1   | 11852 ||| RETREEEEATING.
 11853 | Lair:1   | 11853 ||| RETREEEEATING.
 11857 | Lair:1   | 11857 ||| RETREEEEATING.
 11858 | Lair:1   | 11858 ||| RETREEEEATING.
 11859 | Lair:1   | 11859 ||| RETREEEEATING.
 11861 | Lair:1   | Received a gift from Okawaru
 12121 | Lair:1   | Reached skill level 6 in Dodging
 12127 | Lair:1   | 12127 ||| RETREEEEATING.
 12135 | Lair:1   | 12135 ||| RETREEEEATING.
 12138 | Lair:1   | 12138 ||| RETREEEEATING.
 12141 | Lair:1   | 12141 ||| RETREEEEATING.
 12142 | Lair:1   | 12142 ||| RETREEEEATING.
 12143 | Lair:1   | 12143 ||| RETREEEEATING.
 12144 | Lair:1   | 12144 ||| RETREEEEATING.
 12145 | Lair:1   | 12145 ||| RETREEEEATING.
 12146 | Lair:1   | 12146 ||| RETREEEEATING.
 12147 | Lair:1   | 12147 ||| RETREEEEATING.
 12148 | Lair:1   | 12148 ||| RETREEEEATING.
 12149 | Lair:1   | 12149 ||| RETREEEEATING.
 12521 | Lair:2   | 12521 ||| RETREEEEATING.
 12527 | Lair:2   | Received a gift from Okawaru
 12556 | Lair:2   | 12556 ||| FLEEEEING.
 12675 | Lair:2   | Reached XP level 13. HP: 72/82 MP: 20/20
 12675 | Lair:2   | 12675 ||| FLEEEEING.
 12777 | Lair:2   | 12777 ||| RETREEEEATING.
 12781 | Lair:2   | 12781 ||| RETREEEEATING.
 12786 | Lair:2   | Reached skill level 16 in Ranged Weapons
 12791 | Lair:2   | 12791 ||| RETREEEEATING.
 12792 | Lair:2   | 12792 ||| RETREEEEATING.
 12967 | Lair:2   | 12967 ||| RETREEEEATING.
 13007 | Lair:2   | Found a hole to the Spider Nest.
 13215 | Lair:2   | 13215 ||| INVOKING Finesse.
 13332 | Lair:2   | 13332 ||| READING scroll labelled XULUFUGRIE.
 13333 | Lair:2   | 13333 ||| FLEEEEING.
 13464 | Lair:3   | 13464 ||| RETREEEEATING.
 13469 | Lair:3   | 13469 ||| RETREEEEATING.
 13470 | Lair:3   | 13470 ||| RETREEEEATING.
 13471 | Lair:3   | 13471 ||| RETREEEEATING.
 13475 | Lair:3   | 13475 ||| RETREEEEATING.
 13502 | Lair:3   | 13502 ||| FLEEEEING.
 13503 | Lair:3   | 13503 ||| STAIRDANCE
 13509 | Lair:2   | 13509 ||| FLEEEEING.
 13510 | Lair:2   | 13510 ||| FLEEEEING.
 13570 | Lair:3   | Noticed Nergalle
 13585 | Lair:3   | Killed Nergalle
 13620 | Lair:3   | 13620 ||| RETREEEEATING.
 13621 | Lair:3   | 13621 ||| RETREEEEATING.
 13623 | Lair:3   | Received a gift from Okawaru
 13623 | Lair:3   | Reached ****** piety under Okawaru
 13631 | Lair:3   | HP: 19/84 [five-headed hydra (3)]
 13632 | Lair:3   | 13632 ||| READING 2 scrolls of teleportation.
 13633 | Lair:3   | 13633 ||| DRINKING 3 potions of heal wounds.
 13815 | Lair:3   | 13815 ||| INVOKING Receive Weapon.
 13815 | Lair:3   | 13815 ||| ACQUIRING +1 longbow of Tujaefie {heavy, rN+
                  | Str+3}
 13815 | Lair:3   | Acquired the +1 longbow of Tujaefie {heavy, rN+ Str+3}
 13815 | Lair:3   | Received a gift from Okawaru
 13816 | Lair:3   | 13816 ||| INVOKING Receive Armour.
 13816 | Lair:3   | 13816 ||| ACQUIRING +2 hat of willpower
 13816 | Lair:3   | Acquired a +2 hat of willpower
 13816 | Lair:3   | Received a gift from Okawaru
 13818 | Lair:3   | 13818 ||| SWAPPING to +1 longbow of Tujaefie {heavy, rN+
                  | Str+3}.
 13819 | Lair:3   | 13819 ||| DROPPING +4 orcbow.
 13851 | Lair:3   | Found a transporter.
 13854 | Lair:3   | Noticed Loywebes's ghost (journeyman MiFi)
 13866 | Lair:3   | Found a transporter.
 14006 | Lair:3   | Noticed Urug
 14008 | Lair:3   | Killed Urug
 14032 | Lair:3   | Noticed Kirke
 14033 | Lair:3   | 14033 ||| INVOKING Finesse.
 14041 | Lair:3   | Killed Kirke
 14225 | Lair:3   | Received a gift from Okawaru
 14282 | Lair:3   | Found a staircase to the Swamp.
 14764 | Lair:3   | 14764 ||| UPGRADING to +2 hat of willpower.
 14774 | Lair:3   | 14774 ||| READING scroll labelled RIHIUF TYSCHEYC.
 14775 | Lair:3   | 14775 ||| READING scroll labelled GIOCAU RECEASM.
 14890 | Lair:4   | 14890 ||| RETREEEEATING.
 14894 | Lair:4   | 14894 ||| RETREEEEATING.
 14895 | Lair:4   | 14895 ||| RETREEEEATING.
 14896 | Lair:4   | 14896 ||| RETREEEEATING.
 14898 | Lair:4   | 14898 ||| RETREEEEATING.
 14899 | Lair:4   | 14899 ||| RETREEEEATING.
 14902 | Lair:4   | 14902 ||| RETREEEEATING.
 14907 | Lair:4   | 14907 ||| FLEEEEING.
 15495 | Lair:4   | 15495 ||| READING scroll of enchant armour.
 15495 | Lair:4   | 15495 ||| ENCHANTING +1 pair of boots.
 15540 | Lair:4   | Reached skill level 17 in Ranged Weapons
 15727 | Lair:4   | 15727 ||| DROPPING +2 pair of gloves.
 15728 | Lair:4   | 15728 ||| READING scroll labelled ADIAPL YLEOXKIOGHO.
 15781 | Lair:5   | Entered Level 5 of the Lair of Beasts
 15782 | Lair:5   | 15782 ||| RETREEEEATING.
 15783 | Lair:5   | 15783 ||| RETREEEEATING.
 15784 | Lair:5   | 15784 ||| RETREEEEATING.
 15785 | Lair:5   | 15785 ||| RETREEEEATING.
 15786 | Lair:5   | 15786 ||| RETREEEEATING.
 15787 | Lair:5   | 15787 ||| RETREEEEATING.
 15788 | Lair:5   | 15788 ||| RETREEEEATING.
 15789 | Lair:5   | 15789 ||| RETREEEEATING.
 15790 | Lair:5   | 15790 ||| RETREEEEATING.
 15791 | Lair:5   | 15791 ||| INVOKING Finesse.
 15795 | Lair:5   | 15795 ||| INVOKING Heroism.
 15798 | Lair:5   | HP: 13/84 [elephant (11)]
 15799 | Lair:5   | 15799 ||| READING 5 scrolls of teleportation.
 15800 | Lair:5   | 15800 ||| DRINKING 3 potions of heal wounds.
 15949 | Lair:5   | 15949 ||| INVOKING Finesse.
 15950 | Lair:5   | 15950 ||| INVOKING Heroism.
 16017 | Lair:5   | 16017 ||| RETREEEEATING.
 16089 | Lair:5   | 16089 ||| RETREEEEATING.
 16091 | Lair:5   | 16091 ||| RETREEEEATING.
 16101 | Lair:5   | Gained mutation: Your large and strong wings let you fly.
                  | [Gargoyle growth]
 16101 | Lair:5   | Reached XP level 14. HP: 39/90 MP: 21/21
 16103 | Lair:5   | Received a gift from Okawaru
 16107 | Lair:5   | HP: 21/90 [burnt (4)]
 16108 | Lair:5   | 16108 ||| READING 4 scrolls of teleportation.
 16109 | Lair:5   | 16109 ||| DRINKING 2 potions of heal wounds.
 16112 | Lair:5   | Found a staircase to the Slime Pits.
 16113 | Lair:5   | 16113 ||| RETREEEEATING.
 16114 | Lair:5   | 16114 ||| RETREEEEATING.
 16115 | Lair:5   | 16115 ||| RETREEEEATING.
 16116 | Lair:5   | 16116 ||| RETREEEEATING.
 16117 | Lair:5   | 16117 ||| RETREEEEATING.
 16118 | Lair:5   | 16118 ||| INVOKING Finesse.
 16119 | Lair:5   | HP: 17/90 [death yak (12)]
 16120 | Lair:5   | 16120 ||| READING 3 scrolls of teleportation.
 16121 | Lair:5   | 16121 ||| DRINKING potion of heal wounds.
 16197 | Lair:5   | 16197 ||| RETREEEEATING.
 16198 | Lair:5   | 16198 ||| RETREEEEATING.
 16199 | Lair:5   | 16199 ||| RETREEEEATING.
 16200 | Lair:5   | 16200 ||| RETREEEEATING.
 16201 | Lair:5   | 16201 ||| RETREEEEATING.
 16203 | Lair:5   | 16203 ||| INVOKING Finesse.
 16207 | Lair:5   | Reached skill level 18 in Ranged Weapons
 16306 | Lair:5   | 16306 ||| INVOKING Finesse.
 16350 | Lair:5   | Reached skill level 12 in Fighting
 16432 | Lair:5   | Received a gift from Okawaru
 16436 | Lair:5   | 16436 ||| FLEEEEING.
 16437 | Lair:5   | 16437 ||| FLEEEEING.
 16438 | Lair:5   | 16438 ||| FLEEEEING.
 16439 | Lair:5   | 16439 ||| FLEEEEING.
 16440 | Lair:5   | 16440 ||| FLEEEEING.
 16441 | Lair:5   | 16441 ||| FLEEEEING.
 16444 | Lair:5   | 16444 ||| FLEEEEING.
 16445 | Lair:5   | 16445 ||| FLEEEEING.
 16446 | Lair:5   | 16446 ||| FLEEEEING.
 16447 | Lair:5   | 16447 ||| FLEEEEING.
 16448 | Lair:5   | 16448 ||| FLEEEEING.
 16449 | Lair:5   | 16449 ||| FLEEEEING.
 16450 | Lair:5   | 16450 ||| FLEEEEING.
 16451 | Lair:5   | 16451 ||| FLEEEEING.
 16452 | Lair:5   | 16452 ||| FLEEEEING.
 16453 | Lair:5   | 16453 ||| FLEEEEING.
 16601 | Lair:5   | 16601 ||| INVOKING Finesse.
 16648 | Lair:5   | Found a corrupted altar of Lugonu.
 16648 | Lair:5   | Found a one-way gate to the infinite horrors of the Abyss.
 16797 | Lair:5   | 16797 ||| RETREEEEATING.
 16798 | Lair:5   | 16798 ||| RETREEEEATING.
 16799 | Lair:5   | 16799 ||| RETREEEEATING.
 16800 | Lair:5   | 16800 ||| RETREEEEATING.
 16801 | Lair:5   | 16801 ||| RETREEEEATING.
 16802 | Lair:5   | 16802 ||| RETREEEEATING.
 16803 | Lair:5   | 16803 ||| RETREEEEATING.
 16804 | Lair:5   | 16804 ||| RETREEEEATING.
 16805 | Lair:5   | 16805 ||| RETREEEEATING.
 16806 | Lair:5   | 16806 ||| RETREEEEATING.
 16807 | Lair:5   | 16807 ||| RETREEEEATING.
 16808 | Lair:5   | 16808 ||| INVOKING Finesse.
 16809 | Lair:5   | 16809 ||| RETREEEEATING.
 16810 | Lair:5   | 16810 ||| RETREEEEATING.
 16811 | Lair:5   | 16811 ||| RETREEEEATING.
 16812 | Lair:5   | 16812 ||| RETREEEEATING.
 16813 | Lair:5   | 16813 ||| RETREEEEATING.
 16814 | Lair:5   | 16814 ||| RETREEEEATING.
 16846 | Lair:5   | Received a gift from Okawaru
 16861 | Lair:5   | 16861 ||| INVOKING Finesse.
 16887 | Lair:5   | 16887 ||| FLEEEEING.
 16901 | Lair:5   | 16901 ||| FLEEEEING.
 16908 | Lair:5   | 16908 ||| STAIRDANCE
 17056 | Lair:4   | 17056 ||| READING scroll of identify.
 17056 | Lair:4   | 17056 ||| IDENTIFYING fizzy cyan potion
 17149 | Lair:5   | Received a gift from Okawaru
 17150 | Lair:5   | Reached skill level 19 in Ranged Weapons
 17619 | Lair:5   | 17619 ||| PLANNING D
 17619 | Lair:5   | 17619 ||| DROPPING +2 robe of willpower.
 18099 | D:12     | Reached XP level 15. HP: 91/98 MP: 22/22
 18144 | D:12     | Found a staircase to the Orcish Mines.
 18202 | D:12     | 18202 ||| FLEEEEING.
 18217 | D:12     | Received a gift from Okawaru
 18218 | D:12     | 18218 ||| FLEEEEING.
 18509 | D:12     | 18509 ||| UPGRADING to +0 cloak.
 18514 | D:12     | 18514 ||| READING 2 scrolls of enchant armour.
 18514 | D:12     | 18514 ||| ENCHANTING +0 cloak.
 18515 | D:12     | 18515 ||| READING scroll of enchant armour.
 18515 | D:12     | 18515 ||| ENCHANTING +1 cloak.
 18528 | D:13     | Found a frozen archway.
 18528 | D:13     | Noticed Erolcha
 18540 | D:13     | Killed Erolcha
 18632 | D:13     | Found a runed translucent door.
 18704 | D:13     | 18704 ||| Stepping randomly (disturbance).
 18786 | D:13     | Reached skill level 9 in Dodging
 18801 | D:13     | 18801 ||| FLEEEEING.
 18897 | D:13     | 18897 ||| READING 3 scrolls of teleportation.
 18900 | D:13     | HP: 23/98 [slime creature (8)]
 18902 | D:13     | 18902 ||| FLEEEEING.
 18915 | D:13     | 18915 ||| FLEEEEING.
 19237 | D:13     | Found a burning altar of Makhleb.
 19263 | D:14     | Found a blossoming altar of Fedhas.
 19282 | D:14     | 19282 ||| RETREEEEATING.
 19284 | D:14     | 19284 ||| RETREEEEATING.
 19286 | D:14     | 19286 ||| RETREEEEATING.
 19287 | D:14     | 19287 ||| RETREEEEATING.
 19295 | D:14     | HP: 23/98 [skeletal warrior/+0 mace (8)]
 19296 | D:14     | 19296 ||| READING 2 scrolls of teleportation.
 19297 | D:14     | Received a gift from Okawaru
 19540 | D:14     | 19540 ||| FLEEEEING.
 19553 | D:14     | 19553 ||| FLEEEEING.
 19567 | D:14     | 19567 ||| FLEEEEING.
 19571 | D:14     | 19571 ||| STAIRDANCE
 19769 | D:14     | Noticed Azrael
 19788 | D:14     | Killed Azrael
 19789 | D:14     | 19789 ||| FLEEEEING.
 19970 | D:14     | 19970 ||| FLEEEEING.
 20004 | D:14     | Received a gift from Okawaru
 20005 | D:14     | Reached skill level 20 in Ranged Weapons
 20143 | D:14     | Found a gate to the Vaults.
 20505 | D:15     | Entered Level 15 of the Dungeon
 20650 | D:15     | 20650 ||| FLEEEEING.
 20651 | D:15     | 20651 ||| FLEEEEING.
 20652 | D:15     | 20652 ||| FLEEEEING.
 20653 | D:15     | 20653 ||| FLEEEEING.
 20654 | D:15     | 20654 ||| FLEEEEING.
 20656 | D:15     | 20656 ||| STAIRDANCE
 20662 | D:14     | 20662 ||| STAIRDANCE
 20877 | D:15     | 20877 ||| RETREEEEATING.
 20878 | D:15     | 20878 ||| INVOKING Finesse.
 20887 | D:15     | 20887 ||| READING scroll of teleportation.
 20891 | D:15     | Received a gift from Okawaru
 21006 | D:15     | Found an ornate altar of the Wu Jian Council.
 21263 | D:15     | 21263 ||| RETREEEEATING.
 21265 | D:15     | 21265 ||| RETREEEEATING.
 21303 | D:15     | Received a gift from Okawaru
 21305 | D:15     | Found a staircase to the Depths.
 21336 | D:15     | Identified the +0 plate armour of Jyetomao {Harm *Corrode
                  | Will+ Int+5}
 21499 | D:15     | 21499 ||| FLEEEEING.
 21500 | D:15     | 21500 ||| FLEEEEING.
 21501 | D:15     | 21501 ||| FLEEEEING.
 21502 | D:15     | 21502 ||| FLEEEEING.
 21503 | D:15     | 21503 ||| FLEEEEING.
 21504 | D:15     | 21504 ||| FLEEEEING.
 21505 | D:15     | 21505 ||| FLEEEEING.
 21506 | D:15     | 21506 ||| FLEEEEING.
 21507 | D:15     | 21507 ||| FLEEEEING.
 21508 | D:15     | 21508 ||| FLEEEEING.
 21509 | D:15     | 21509 ||| FLEEEEING.
 21510 | D:15     | 21510 ||| FLEEEEING.
 21511 | D:15     | 21511 ||| FLEEEEING.
 21512 | D:15     | 21512 ||| FLEEEEING.
 21742 | D:15     | 21742 ||| PLANNING ORC
 21832 | Orc:1    | Entered Level 1 of the Orcish Mines
 21932 | Orc:1    | 21932 ||| Stepping randomly (disturbance).
 22032 | Orc:2    | Entered Level 2 of the Orcish Mines
 22043 | Orc:2    | Found Geyror's Antique Armour Shop.
 22058 | Orc:2    | Found a staircase to the Elven Halls.
 22173 | Orc:2    | 22173 ||| RETREEEEATING.
 22174 | Orc:2    | 22174 ||| RETREEEEATING.
 22175 | Orc:2    | 22175 ||| RETREEEEATING.
 22176 | Orc:2    | 22176 ||| RETREEEEATING.
 22177 | Orc:2    | 22177 ||| RETREEEEATING.
 22178 | Orc:2    | 22178 ||| RETREEEEATING.
 22179 | Orc:2    | 22179 ||| RETREEEEATING.
 22180 | Orc:2    | 22180 ||| RETREEEEATING.
 22181 | Orc:2    | 22181 ||| RETREEEEATING.
 22182 | Orc:2    | 22182 ||| RETREEEEATING.
 22183 | Orc:2    | 22183 ||| RETREEEEATING.
 22184 | Orc:2    | 22184 ||| RETREEEEATING.
 22185 | Orc:2    | 22185 ||| RETREEEEATING.
 22195 | Orc:2    | 22195 ||| RETREEEEATING.
 22210 | Orc:2    | 22210 ||| FLEEEEING.
 22221 | Orc:2    | 22221 ||| FLEEEEING.
 22232 | Orc:2    | 22232 ||| FLEEEEING.
 22243 | Orc:2    | 22243 ||| FLEEEEING.
 22244 | Orc:2    | 22244 ||| STAIRDANCE
 22452 | Orc:2    | Noticed an orc warlord
 22453 | Orc:2    | 22453 ||| INVOKING Finesse.
 22460 | Orc:2    | Killed an orc warlord
 22467 | Orc:2    | Reached XP level 16. HP: 107/107 MP: 18/23
 22626 | Orc:2    | 22626 ||| INVOKING Finesse.
 22628 | Orc:2    | HP: 16/106 [soul eater[an orc high priest] (15)]
 22630 | Orc:2    | HP: 2/106 [soul eater[an orc high priest] (14)]
 22632 | Orc:2    | Killed from afar by an orc wizard

Levels and vault maps discovered:
D:1:      dpeg_arrival_short_road, layout_loops_corners
D:2:      layout_basic, basic_altar
D:3:      layout_basic, serial_glass, glass_columns_b, glass_columns_a,
          glass_columns_b, glass_columns_b, glass_columns_b, glass_columns_a,
          glass_columns_c, glass_columns_a, glass_columns_a, glass_columns_b,
          glass_columns_c, glass_columns_c, glass_columns_b, glass_columns_b,
          uniq_robin
D:4:      layout_gridville, nicolae_overflow_hidden_temple, uniq_natasha
D:5:      layout_rooms, uniq_sigmund, uniq_pikel
D:6:      layout_basic, minmay_temple_entry_mist
D:7:      minmay_angry_zag, layout_loops_ring, makhleb_grotto_becter,
          nicolae_vehumet_altar_sigil, enter_bailey_5
D:8:      layout_layer_cave, serial_shops, nicolae_shop_getting_attention,
          minivault_12
D:9:      layout_small_grid, cheibriados_altar_1, nicolae_ashenzari_skybound,
          serial_shops, nicolae_shop_tiny_glass
D:10:     layout_basic
D:11:     layout_layer_cave, david_lair_generic, minmay_hedge_maze
D:12:     layout_roguey, zombieorc2_lemuel, serial_bayou_pond_e
D:13:     layout_basic, portal_ice_cave_entry_pillars_2,
          kennysheep_decorative_pillar, nicolae_danse_macabre, uniq_erolcha
D:14:     layout_irregular_city, hangedman_vaults_entry_quadrant_bands,
          fedhas_altar_2, uniq_azrael
D:15:     gammafunk_enter_depths_forms, layout_stronghold,
          nzn_wu_jian_contemplation
Temple:   nicolae_temple_slightly_damp_pantheon
Lair:1:   layout_layer_cave, gauntlet_entry_generic
Lair:2:   regret_index_malice_mire, layout_cave_shapes, dummy_spider_entry,
          nicolae_lair_lil_pond
Lair:3:   layout_cave_pods, palyth_hydra_swamp_entry, gammafunk_ghost_arena,
          serial_bayou_shore_b, lemuel_fruit_tree, uniq_urug, uniq_nergalle,
          uniq_kirke
Lair:4:   layout_cave_pods, fungi_pond_lemuel
Lair:5:   hellmonk_lair_end_abyssal_woods, layout_cave_pods, slime_entry_1
Orc:1:    layout_caves, serial_shops, nicolae_shop_scrapyard, shop, shop
Orc:2:    st_orc_mages, layout_caves, serial_shops, shop, basic_altar

Skill      XL: |  1  2  3  4  5  6  7  8  9 10 11 12 13 14 15 |
---------------+----------------------------------------------+-----
Armour         | 1 2 3 4 5 |  5.0
Ranged Weapons | 5 6 7 9 10 11 13 14 15 17 19 20 | 20.0
Fighting       | 3 4 6 8 9 10 11 13 14 | 14.6
Dodging        | 2 3 4 5 6 7 8 10 | 10.0
Invocations    | 3 4 8 10 | 10.0
Stealth        | |  1.1

Action                     |  1- 3 |  4- 6 |  7- 9 | 10-12 | 13-15 | 16-18 || total
---------------------------+-------+-------+-------+-------+-------+-------++-------
  Melee: Unarmed           |       |     4 |       |       |       |       ||     4
   Fire: Shortbow          |   129 |   173 |   278 |       |       |       ||   580
         Orcbow            |       |       |   161 |   837 |   196 |       ||  1194
         Longbow           |       |       |       |       |   891 |    58 ||   949
 Invoke: Heroism           |       |       |     1 |     2 |     2 |       ||     5
         Finesse           |       |       |       |     7 |    12 |     1 ||    20
         Receive Weapon    |       |       |       |       |     1 |       ||     1
         Receive Armour    |       |       |       |       |     1 |       ||     1
  Evoke: Wand              |       |     4 |       |     3 |       |       ||     7
    Use: Scroll            |     8 |     6 |     6 |    12 |    15 |       ||    47
         Potion            |     1 |     2 |     1 |     1 |     4 |       ||     9
 Armour: Leather armour    |    11 |       |       |       |       |       ||    11
         Ring mail         |    18 |    79 |    36 |       |       |       ||   133
         Skin              |       |     6 |       |       |       |       ||     6
         Robe              |       |       |   188 |   373 |   372 |    36 ||   969
         Steam dragon scal |       |       |     7 |    21 |       |       ||    28
  Dodge: Dodged            |    28 |    46 |   171 |   365 |   404 |    27 ||  1041

Table legend:
 A = Non-vault XP
 B = Vault XP
 C = Vault XP percentage of total XP
 D = Non-vault monster count
 E = Vault monster count
 F = Vault count percentage of total count
                 A         B        C        D         E       F
            +---------+---------+-------+---------+---------+-------
      Total |   85795 |   46501 |  35.1 |     481 |     193 |  28.6
            +---------+---------+-------+---------+---------+-------
        D:1 |      20 |       0 |   0.0 |      15 |       0 |   0.0
        D:2 |      50 |       0 |   0.0 |      18 |       0 |   0.0
        D:3 |      17 |      32 |  65.3 |       9 |       9 |  50.0
        D:4 |     612 |     266 |  30.3 |      39 |       2 |   4.9
        D:5 |     445 |     663 |  59.8 |      16 |       1 |   5.9
        D:6 |     903 |       0 |   0.0 |      24 |       0 |   0.0
        D:7 |     981 |     324 |  24.8 |      12 |      10 |  45.5
        D:8 |    2102 |       0 |   0.0 |      18 |       0 |   0.0
        D:9 |    3275 |       0 |   0.0 |      29 |       0 |   0.0
       D:10 |    2810 |     655 |  18.9 |      34 |       2 |   5.6
       D:11 |    3794 |     324 |   7.9 |      18 |       2 |  10.0
       D:12 |    8958 |     719 |   7.4 |      26 |      36 |  58.1
       D:13 |    5706 |     851 |  13.0 |      11 |       1 |   8.3
       D:14 |    8793 |    6536 |  42.6 |      21 |      23 |  52.3
       D:15 |    7822 |    5443 |  41.0 |      21 |       9 |  30.0
     Lair:1 |    5326 |       0 |   0.0 |      28 |       0 |   0.0
     Lair:2 |    4735 |    7126 |  60.1 |      20 |      23 |  53.5
     Lair:3 |    3132 |    5385 |  63.2 |      13 |       8 |  38.1
     Lair:4 |    3747 |       0 |   0.0 |      18 |       0 |   0.0
     Lair:5 |   17723 |   11923 |  40.2 |      48 |      37 |  43.5
      Orc:1 |    1035 |       0 |   0.0 |      11 |       0 |   0.0
      Orc:2 |    3809 |    2783 |  42.2 |      32 |      22 |  40.7
   Gauntlet |       0 |    3471 | 100.0 |       0 |       8 | 100.0
            +---------+---------+-------+---------+---------+-------
